Description

This is from the WCS Valencia 2018 Cast of Has vs Special game 3.

VOD

https://www.youtube.com/watch?v=AbmmhCSU2Ps&t=1884

Replay - Has v SpeCial: Game 3 - Acid Plant LE

Build Order

Get SALT Encoding   

  14  0:30  Gateway  
  15  0:45  Assimilator  
  16  0:58  Assimilator  
  17  1:18  Cybernetics Core  
  18  1:31  Assimilator  
  20  1:46  Adept  
  19  1:54  Robotics Facility  
  22  2:06  Warp Gate  
  22  2:15  Adept  
  24  2:31  Immortal  
  24  2:44  Pylon  
  28  3:01  Pylon  
  28  3:14  Immortal  
  30  3:23  Pylon  
  30  3:25  Shield Battery  
  30  3:47  Shield Battery x2  
  30  3:48  Warp Prism  
  32  4:04  Shield Battery x3  
  30  4:19  Immortal  
  34  4:33  Shield Battery  
  34  4:50  Probe  
  34  4:52  Sentry  
  37  5:04  Immortal  
  41  5:15  Stalker  
  43  5:43  Stalker  
Spawning Tool Build Advisor. Get it on Overwolf

Go to:

Details

  • Created by: KaasGrater
  • Published on: Aug 10, 2018
  • Modified on: Aug 10, 2018
  • Patch: 4.0.0
Show
View Real Time Build Order
Export as new Build Order

Comments (0)

There are no comments. Be the first!

Create an account to comment!